 Dungeon Sprint DCSS version 0.24.0-123-gd5b16e6ec5 (webtiles) character file.

Game seed: 9961966682692726914, levelgen mode: deterministic

11547 Groucho the Peltast (level 12, -8/98 HPs)
             Began as a Formicid Fighter on Dec 30, 2019.
             Was the Champion of Okawaru.
             Killed by divine providence
             ... invoked by an orc high priest
              (11 damage)
             ... in the Dungeon (Sprint IX: "|||||||||||||||||||||||||||||").
             The game lasted 00:06:35 (2905 turns).

Groucho the Peltast (Formicid Fighter)              Turns: 2905, Time: 00:06:36

Health: -8/98      AC: 21    Str: 28    XL:     12   Next: 9%
Magic:  17/22      EV: 19    Int: 10    God:    Okawaru [******]
Gold:   1271       SH: 17    Dex: 17    Spells: 11/11 levels left

rFire    . . .     SeeInvis +   p - +2 scimitar (holy)
rCold    . . .     Gourm    .   c - +0 shield
rNeg     . . .     Faith    .   r - +1 chain mail
rPois    .         Spirit   .   (helmet unavailable)
rElec    .         Reflect  .   y - +0 cloak
rCorr    .         Harm     .   a - +0 pair of gloves
MR       +....                  q - +0 pair of boots
Stlth    ..........             (no amulet)
HPRegen  0.26/turn              b - +3 ring of dexterity
MPRegen  0.18/turn              s - +3 ring of strength

@: mighty, heroism, finesse
A: permanent stasis, dig shafts and tunnels, four strong arms, antennae 3
a: Dig, Heroism, Finesse, Renounce Religion


You were in the Dungeon.
You worshipped Okawaru.
Okawaru was exalted by your worship.
You were very hungry.

You visited 1 branch You collected 1271 gold pieces.

Inventory:

Hand Weapons
 o - a +2 dire flail of crushing
 p - a +2 scimitar of holy wrath (weapon)
Missiles
 d - 8 javelins (quivered)
 A - 8 boomerangs
Armour
 a - a +0 pair of gloves (worn)
 c - a +0 shield (worn)
 q - a +0 pair of boots (worn)
 r - a +1 chain mail (worn)
 y - a +0 cloak (worn)
Jewellery
 b - a +3 ring of dexterity (left hand)
 s - a +3 ring of strength (right hand)
Wands
 n - a wand of acid (10)
 C - a wand of enslavement (5)
Scrolls
 k - 3 scrolls of blinking
 l - 3 scrolls of remove curse
 m - 2 scrolls of amnesia
 t - a scroll of magic mapping
 u - a scroll of fog
 v - a scroll of identify
 w - a scroll of fear
 x - 2 scrolls of enchant weapon
Potions
 e - a potion of might
 f - a potion of resistance
 g - 3 potions of curing
 h - a potion of haste
 i - 4 potions of magic
 j - 3 potions of berserk rage
Comestibles
 B - 10 rations


   Skills:
 - Level 10.4(15.4) Fighting
 + Level 13.2(18.2) Long Blades
 + Level 14.4(19.4) Armour
 + Level 9.3(14.3) Dodging
 + Level 15.5(20.5) Shields
 + Level 13.8 Invocations


You had 11 spell levels left.
You didn't know any spells.
Your spell library was empty.

Dungeon Overview and Level Annotations

Branches:
Dungeon (1/1)

Altars:
Cheibriados
Dithmenos
Elyvilon
Fedhas
Gozag
Hepliaklqana
Kikubaaqudgha
Makhleb
Nemelex Xobeh
Okawaru
Qazlal
Ru
Sif Muna
Trog
Uskayaw
Vehumet
Wu Jian
Xom
Yredelemnul
Zin
The Shining One
Beogh
Jiyva
Lugonu

Shops:
D **


Innate Abilities, Weirdness & Mutations

You cannot be hasted, slowed, berserked, paralysed or teleported.
You can dig through walls and to a lower floor.
Your four strong arms can wield two-handed weapons with a shield.
You have a pair of large antennae on your head. (SInv)


Message History

The orc high priest is moderately wounded.
You block the orc high priest's attack.
You slash the orc high priest!
The orc high priest is heavily wounded.
The orc high priest invokes the aid of Beogh against you.
Beogh smites you!
* * * LOW HITPOINT WARNING * * *
The soul eater barely misses you.
The orc high priest utters an invocation to Beogh.
Okay, then.
You slash the orc high priest!
The orc high priest is severely wounded.
Unknown command.
You feel very mighty all of a sudden.
The orc knight roars a battlecry!
The soul eater hits you.
* * * LOW HITPOINT WARNING * * *
The orc high priest mumbles some strange prayers to Beogh against you.
Beogh smites you!
You die...

_______________'..|)...).†......(
▓▓▓▓▓▓▓▓▓▓▓▓▓▓▓▓▓▓▓▓▓▓▓▓▓▓▓▓▓▓▓▓▓
..............................)..
▓▓▓▓▓▓▓▓▓▓▓▓▓▓▓▓▓▓▓▓▓▓▓▓▓▓▓▓▓▓▓▓▓
.....†.........†.†.†÷...[..('..[[
▓▓▓▓▓▓▓▓▓▓▓▓▓▓▓▓▓▓▓▓▓▓▓▓▓▓▓▓▓▓▓▓▓
...........).....................
▓▓▓▓▓▓▓▓▓▓▓▓▓▓▓▓▓▓▓▓▓▓▓▓▓▓▓▓▓▓▓▓▓
))))))).......)3@oo4oo44 {


{{{{{ ▓▓▓▓▓▓▓▓▓▓▓▓▓▓▓▓▓▓▓▓▓▓▓▓ { {{{ {{{{{{{{{{{{{{{ { You could see an orc
knight, a soul eater, 3 orc high priests, an orange demon, a hellwing and a red
devil.

Vanquished Creatures
  A two-headed ogre (D)
  3 orc high priests (D)
  Urug (D)
  5 orc knights (D)
  An orc sorcerer (D)
  Maurice (D)
  3 spiny frogs (D)
  A komodo dragon (D)
  5 polar bears (D)
  A shadow (D)
  A wyvern (D)
  2 yaks (D)
  4 water moccasins (D)
  An acid dragon (D)
  3 porcupines (D)
  7 orc warriors (D)
  5 black bears (D)
  A sky beast (D)
  A crocodile (D)
  3 centaurs (D)
  2 bullfrogs (D)
  A crimson imp (D)
  3 jellies (D)
  5 orc priests (D)
  5 orc wizards (D)
  2 worker ants (D)
  An adder zombie (D)
  4 orcs (D)
  A giant cockroach (D)
  A hobgoblin (D)
  2 bats (D)
  A kobold (D)
  A quokka skeleton (D)
79 creatures vanquished.

Notes
Turn   | Place    | Note
-------+----------+-------------------------------------------
     0 | D        | Groucho the Formicid Fighter began the quest for the Orb.
     0 | D        | Reached XP level 1. HP: 18/18 MP: 1/1
    25 | D        | Reached skill level 4 in Shields
    40 | D        | Noticed a worker ant
    40 | D        | Noticed a centaur
    40 | D        | Noticed a centaur
    40 | D        | Noticed a crimson imp
    40 | D        | Noticed a jelly
    53 | D        | Killed a worker ant
    53 | D        | Reached skill level 5 in Shields
    53 | D        | Reached XP level 2. HP: 13/26 MP: 2/2
    53 | D        | Reached XP level 3. HP: 16/31 MP: 3/3
    55 | D        | Killed a centaur
    55 | D        | Reached skill level 5 in Fighting
    55 | D        | Reached skill level 5 in Armour
    55 | D        | Reached skill level 6 in Shields
    55 | D        | Reached XP level 4. HP: 16/40 MP: 4/4
    55 | D        | Reached XP level 5. HP: 18/46 MP: 5/5
    57 | D        | Killed a centaur
    57 | D        | Reached skill level 5 in Long Blades
    57 | D        | Reached skill level 7 in Shields
    62 | D        | Reached XP level 6. HP: 14/55 MP: 6/6
    63 | D        | Reached skill level 8 in Shields
   490 | D        | Found a roughly hewn altar of Beogh.
   490 | D        | Found a snail-covered altar of Cheibriados.
   490 | D        | Found a shadowy altar of Dithmenos.
   490 | D        | Found a white marble altar of Elyvilon.
   490 | D        | Found a blossoming altar of Fedhas.
   490 | D        | Found an opulent altar of Gozag.
   491 | D        | Found a hazy altar of Hepliaklqana.
   492 | D        | Found a viscous altar of Jiyva.
   493 | D        | Found an ancient bone altar of Kikubaaqudgha.
   494 | D        | Found a corrupted altar of Lugonu.
   495 | D        | Found a burning altar of Makhleb.
   496 | D        | Found a sparkling altar of Nemelex Xobeh.
   497 | D        | Found an iron altar of Okawaru.
   498 | D        | Found a stormy altar of Qazlal.
   499 | D        | Found a sacrificial altar of Ru.
   500 | D        | Found a shimmering blue altar of Sif Muna.
   501 | D        | Found a bloodstained altar of Trog.
   502 | D        | Found a hide-covered altar of Uskayaw.
   503 | D        | Found a radiant altar of Vehumet.
   504 | D        | Found an ornate altar of the Wu Jian Council.
   505 | D        | Found a shimmering altar of Xom.
   506 | D        | Found a basalt altar of Yredelemnul.
   507 | D        | Found a glowing silver altar of Zin.
   508 | D        | Found a glowing golden altar of the Shining One.
   527 | D        | Became a worshipper of Warmaster Okawaru
   584 | D        | Noticed a wyvern
   584 | D        | Noticed a sky beast
   586 | D        | Reached skill level 1 in Invocations
   592 | D        | Killed a wyvern
   592 | D        | Reached * piety under Okawaru
   592 | D        | Reached skill level 9 in Shields
   592 | D        | Reached XP level 7. HP: 61/63 MP: 6/9
   648 | D        | Noticed a two-headed ogre
   648 | D        | Noticed an acid dragon
   648 | D        | Noticed a shadow
   660 | D        | Killed a two-headed ogre
   660 | D        | Reached ** piety under Okawaru
   660 | D        | Reached skill level 10 in Fighting
   660 | D        | Reached skill level 10 in Armour
   660 | D        | Reached skill level 10 in Shields
   660 | D        | Reached XP level 8. HP: 42/72 MP: 8/13
   670 | D        | Reached *** piety under Okawaru
   672 | D        | Reached skill level 11 in Shields
   676 | D        | Killed a shadow
   676 | D        | Reached XP level 9. HP: 49/79 MP: 10/14
  1017 | D        | Noticed Urug
  1037 | D        | HP: 1/79 [Urug/+4 broad axe of freezing (3)]
  1043 | D        | Killed Urug
  1043 | D        | Reached **** piety under Okawaru
  1605 | D        | Found the +4 robe of Augmentation {Str+4 Int+4 Dex+4}
  1630 | D        | Noticed a komodo dragon
  1635 | D        | Reached skill level 10 in Long Blades
  1635 | D        | Reached skill level 12 in Shields
  1658 | D        | Killed a komodo dragon
  1658 | D        | Reached XP level 10. HP: 40/86 MP: 17/17
  1659 | D        | Reached skill level 10 in Invocations
  1660 | D        | Noticed a spiny frog
  1668 | D        | Killed a spiny frog
  1683 | D        | Reached ***** piety under Okawaru
  1683 | D        | Reached skill level 5 in Dodging
  1689 | D        | Noticed a spiny frog
  1689 | D        | Noticed a spiny frog
  1694 | D        | Killed a spiny frog
  1694 | D        | Reached skill level 13 in Shields
  1714 | D        | Killed a spiny frog
  2078 | D        | Received a gift from Okawaru
  2089 | D        | Reached XP level 11. HP: 91/92 MP: 12/19
  2116 | D        | Reached skill level 14 in Shields
  2203 | D        | Noticed Maurice
  2225 | D        | Killed Maurice
  2225 | D        | Received a gift from Okawaru
  2290 | D        | Noticed an orc knight
  2309 | D        | Killed an orc knight
  2347 | D        | Noticed an orc high priest
  2347 | D        | Noticed an orc sorcerer
  2350 | D        | Noticed a soul eater
  2351 | D        | Killed an orc high priest
  2352 | D        | Noticed an orc knight
  2361 | D        | Noticed an orc knight
  2376 | D        | Killed an orc sorcerer
  2391 | D        | Killed an orc knight
  2408 | D        | Killed an orc knight
  2408 | D        | Reached skill level 15 in Shields
  2845 | D        | Found Zaph's General Store.
  2845 | D        | Noticed an orc knight
  2845 | D        | Noticed an orc knight
  2845 | D        | Noticed an orc high priest
  2845 | D        | Noticed an orc high priest
  2845 | D        | Noticed an orc high priest
  2855 | D        | Noticed an orc knight
  2869 | D        | Killed an orc knight
  2874 | D        | Killed an orc knight
  2883 | D        | Killed an orc high priest
  2883 | D        | Reached XP level 12. HP: 53/98 MP: 15/22
  2883 | D        | Noticed an orc high priest
  2884 | D        | Found Sabb's General Store.
  2884 | D        | Noticed an orc high priest
  2886 | D        | Noticed a sixfirhy
  2891 | D        | Killed an orc high priest
  2891 | D        | Reached ****** piety under Okawaru
  2901 | D        | Noticed a soul eater
  2905 | D        | HP: 3/98 [soul eater[an orc high priest] (6)]
  2905 | D        | Killed from afar by an orc high priest

Levels and vault maps discovered:
D:        linesprint [early_d, line_temple, items_1, d_10, items_2, lair_1,
          lair_end, items_3, orc_1, orc_end, items_4, d_15, swamp_1, shoals_1,
          snake_1, spider_1, d_20, vaults_1, items_5, swamp_end, shoals_end,
          snake_end, spider_end, vaults_end, d_27, items_6, zot_1, zot_end,
          crypt_end, forest_end, elf_end, slime_end, tomb_end, abyss_end,
          pan_hell_end]

Skill      XL: |  1  2  3  4  5  6  7  8  9 10 11 |
---------------+----------------------------------+-----
Shields        | 5 6 7 9 10 11 12 13 15 | 15.5
Fighting       | 4 5 7 8 10 | 10.4
Long Blades    | 3 4 6 7 8 9 10 11 13 | 13.2
Armour         | 4 5 7 8 10 11 12 14 | 14.4
Invocations    | 3 7 9 11 13 | 13.8
Dodging        | 4 6 9 |  9.3

Action                   |  1- 3 |  4- 6 |  7- 9 | 10-12 || total
-------------------------+-------+-------+-------+-------++-------
Melee: Long sword        |    41 |     8 |       |       ||    49
       Scimitar          |       |     8 |    96 |   301 ||   405
Invok: Heroism           |       |       |     3 |     5 ||     8
       Finesse           |       |       |       |     4 ||     4
  Use: Potion            |     3 |       |     3 |     3 ||     9
 Stab: Invisible         |       |       |     2 |       ||     2
  Eat: Ration            |       |       |     1 |       ||     1
       Chunk             |       |       |       |     2 ||     2
Armor: Scale mail        |    14 |       |       |       ||    14
       Chain mail        |       |     3 |    16 |    23 ||    42
Dodge: Dodged            |    17 |     1 |    20 |    59 ||    97
Block: Shield            |    33 |    12 |    46 |   101 ||   192
       Rpst.: Long sword |     2 |       |       |       ||     2
       Scimitar          |       |       |     3 |    12 ||    15
